 Dungeon Crawl Stone Soup version 0.31-a0-190-g4feb4907b2 (webtiles) character file.

Game seed: 5878828116813475093

214 qw the Skirmisher (level 5, -2/30 HPs)
             Began as a Deep Elf Hunter on June 23, 2023.
             Slain by a black bear (11 damage)
             ... on level 4 of the Dungeon.
             The game lasted 00:00:35 (1775 turns).

qw the Skirmisher (Deep Elf Hunter)                 Turns: 1775, Time: 00:00:36

Health: -2/30      AC:  6    Str: 16    XL:     5   Next: 59%
Magic:  7/7        EV: 10    Int: 14    God:
Gold:   210        SH:  0    Dex: 18    Spells: 4/4 levels left

rFire   . . .        Y - +5 shortbow
rCold   + . .        (shield currently unavailable)
rNeg    . . .        b - +0 scale mail
rPois   .            (no helmet)
rElec   .            (no cloak)
rCorr   .            (no gloves)
SInv    .            (no boots)
Will    .....        (no amulet)
Stlth   +            i - ring of protection from cold
HPRegen 0.25/turn    g - +6 ring of strength
MPRegen 0.10/turn

%: no passive effects
@: no status effects
A: no striking features
a: no special abilities


You were on level 4 of the Dungeon.
You visited 1 branch of the dungeon, and saw 5 of its levels.

You collected 210 gold pieces.


   Skills:
 + Level 1.7 Fighting
 - Level 9.0 Ranged Weapons
 - Level 2.4 Dodging
 - Level 1.2 Stealth


You had 4 spell levels left.
You didn't know any spells.
Your spell library was empty.

Inventory:

Hand Weapons
 Y - a +5 shortbow (weapon)
Armour
 b - a +0 scale mail (worn)
Jewellery
 g - a +6 ring of strength (right hand)
 i - a ring of protection from cold (left hand)
 l - a ring of resist corrosion
Wands
 j - a wand of digging (1)
Scrolls
 a - a scroll of identify
 c - a scroll of teleportation
Potions
 d - a potion of haste
 e - a potion of curing
 h - a potion of might

Dungeon Overview and Level Annotations

Branches:
Dungeon (5/15)
 Temple: D:4-7

Altars:
Sif Muna


Message History

You climb upwards.
You hear the sound of rushing water.
There is an entrance to a sewer on this level.
Hurry and find it before the portal rusts away!
The ball python hisses angrily.
The black bear growls angrily.
You hear a bark!
Found 18 gold pieces.
There is a stone staircase leading down here.
Waypoint 4 assigned to D:4.
1769 ||| PLANNING SEWER You shoot an arrow.
The arrow hits the black bear.
The black bear is lightly wounded.
You shoot an arrow. The arrow hits the black bear.
The black bear is lightly wounded.
You shoot an arrow. The arrow hits the black bear.
The black bear is moderately wounded.
You shoot an arrow. The arrow hits the black bear!
The black bear is heavily wounded.
The black bear barely misses you.
The black bear claws you but does no damage.
The black bear claws you. The ball python closely misses you.
The ball python barely misses you.
You shoot an arrow. The arrow hits the black bear.
The black bear is severely wounded.
The ball python bites you. The ball python grabs you.
The ball python constricts you.
The black bear goes berserk!
The ball python bites you but does no damage.
The ball python constricts you.
You shoot an arrow.
The arrow closely misses the ball python.
The black bear bites you! The black bear barely misses you.
The black bear claws you.
The black bear bites you but does no damage.
The black bear claws you but does no damage.
The black bear closely misses you. The ball python bites you.
The ball python constricts you.
You shoot an arrow. The arrow hits the ball python.
You kill the ball python!
The black bear barely misses you.
The black bear claws you but does no damage.
The black bear claws you. The black bear bites you!
You die...

...# ...#
...## ....#
....## ##
.....##
#.#.......
#@.......
#h...####
....##
....#.#
....$....
....##.####
....# ##
.....


You could see a black bear (berserk).

Vanquished Creatures
  Sigmund (D:3)
  2 worms (D:3)
  3 dart slugs
  2 endoplasms (D:3)
  4 giant cockroaches (D:2)
  3 goblins
  3 hobgoblins
  5 kobolds
  8 ball pythons
  6 bats
  3 frilled lizards
  2 rats
  2 butterflies (D:1)
44 creatures vanquished.

Notes
Turn   | Place    | Note
-------+----------+-------------------------------------------
     0 | D:1      | qw the Deep Elf Hunter began the quest for the Orb.
     0 | D:1      | Reached XP level 1. HP: 12/12 MP: 3/3
     0 | D:1      | 0 ||| qw: Version: 0.3-a-9-g12657ce
     0 | D:1      | 0 ||| qw: Game counter: 4490
     0 | D:1      | 0 ||| qw: Always use a shield: true
     0 | D:1      | 0 ||| qw: God list: Okawaru
     0 | D:1      | 0 ||| qw: Allow faded altars: false
     0 | D:1      | 0 ||| qw: Do Orc after D:15 true
     0 | D:1      | 0 ||| qw: Do second Lair branch before Depths: true
     0 | D:1      | 0 ||| qw: Lair rune preference: random
     0 | D:1      | 0 ||| qw: Plans: Normal
     0 | D:1      | 0 ||| PLANNING D:1-11
   115 | D:1      | Reached XP level 2. HP: 10/16 MP: 4/4
   175 | D:1      | Reached skill level 6 in Ranged Weapons
   557 | D:1      | 557 ||| UPGRADING to ring of resist corrosion.
   558 | D:1      | 558 ||| READING 3 scrolls labelled FOOME LYCVATY.
   559 | D:1      | 559 ||| READING scroll labelled ETZOLAU LUQO.
   564 | D:1      | 564 ||| READING scroll labelled WOIKAXKEOQE.
   565 | D:1      | 565 ||| READING 3 scrolls labelled EHI NI WETZ.
   566 | D:1      | 566 ||| READING 2 scrolls of enchant weapon.
   566 | D:1      | 566 ||| ENCHANTING +1 shortbow.
   567 | D:1      | 567 ||| READING scroll of enchant weapon.
   567 | D:1      | 567 ||| ENCHANTING +2 shortbow.
   568 | D:1      | 568 ||| READING scroll labelled IPRUGE TORGHE.
   569 | D:1      | 569 ||| READING 2 scrolls of identify.
   569 | D:1      | 569 ||| IDENTIFYING bubbling emerald potion
   570 | D:1      | 570 ||| DROPPING scroll of butterflies.
   631 | D:2      | Found a shimmering blue altar of Sif Muna.
   660 | D:2      | 660 ||| READING scroll of enchant weapon.
   660 | D:2      | 660 ||| ENCHANTING +3 shortbow.
   854 | D:2      | 854 ||| READING scroll of enchant weapon.
   854 | D:2      | 854 ||| ENCHANTING +4 shortbow.
   877 | D:2      | Identified the +3 rapier of Annoyance {heavy, Fly}
  1114 | D:2      | Reached XP level 3. HP: 20/20 MP: 5/5
  1242 | D:2      | 1242 ||| UPGRADING to +0 scale mail.
  1252 | D:2      | 1252 ||| DROPPING +0 leather armour.
  1253 | D:2      | 1253 ||| UPGRADING to +6 ring of strength.
  1254 | D:2      | 1254 ||| UPGRADING to ring of protection from cold.
  1256 | D:2      | 1256 ||| DRINKING 2 grey potions.
  1257 | D:2      | 1257 ||| DROPPING potion of degeneration.
  1373 | D:3      | Noticed Sigmund
  1374 | D:3      | 1374 ||| Stepping ~*~*~tactically~*~*~ (outnumbered).
  1381 | D:3      | HP: 5/20 [something (1)]
  1383 | D:3      | Killed Sigmund
  1384 | D:3      | Reached skill level 9 in Ranged Weapons
  1384 | D:3      | Reached XP level 4. HP: 7/25 MP: 6/6
  1384 | D:3      | Reached XP level 5. HP: 8/29 MP: 7/7
  1662 | D:3      | You fall into a shaft and drop 2 floors!
  1662 | D:5      | Entered Level 5 of the Dungeon
  1665 | D:5      | 1665 ||| READING scroll labelled CARCHE CEUTU.
  1666 | D:5      | 1666 ||| READING 3 scrolls of identify.
  1666 | D:5      | 1666 ||| IDENTIFYING bubbling yellow potion
  1667 | D:5      | 1667 ||| READING 2 scrolls of identify.
  1667 | D:5      | 1667 ||| IDENTIFYING silvery potion
  1668 | D:5      | 1668 ||| DROPPING potion of brilliance.
  1670 | D:5      | 1670 ||| Stepping ~*~*~tactically~*~*~ (cloud).
  1762 | D:5      | 1762 ||| FLEEEEING.
  1763 | D:5      | 1763 ||| FLEEEEING.
  1763 | D:5      | Noticed a phantom
  1764 | D:5      | 1764 ||| FLEEEEING.
  1765 | D:5      | 1765 ||| FLEEEEING.
  1766 | D:5      | 1766 ||| FLEEEEING.
  1767 | D:5      | 1767 ||| STAIRDANCE
  1768 | D:4      | Noticed a black bear
  1769 | D:4      | 1769 ||| PLANNING SEWER
  1775 | D:4      | Slain by a black bear

Levels and vault maps discovered:
D:1:      spicycebolla_arrival_clurvy, layout_loops_ring
D:2:      layout_loops_ring, basic_altar
D:3:      layout_rooms, uniq_sigmund
D:4:      layout_layer_cave, chequers_temple_overflow_statue_of_worship,
          mainiacjoe_overflow_boulevard, mainiacjoe_overflow_cross_hatched,
          portal_sewer_entry_d, uniq_blork_the_orc, uniq_ijyb
D:5:      layout_cave_pools, dk_noncrumbling_3

Skill      XL: |  1  2  3 |
---------------+----------+-----
Ranged Weapons | 6 9 |  9.0
Fighting       | |  1.7
Dodging        | |  2.4
Stealth        | |  1.2

Action                     |  1- 3 |  4- 6 || total
---------------------------+-------+-------++-------
   Fire: Shortbow          |    76 |    22 ||    98
    Use: Scroll            |    10 |     3 ||    13
         Potion            |     1 |       ||     1
 Armour: Leather armour    |     3 |       ||     3
         Scale mail        |     1 |     6 ||     7
  Dodge: Dodged            |    12 |     7 ||    19

Table legend:
 A = Non-vault XP
 B = Vault XP
 C = Vault XP percentage of total XP
 D = Non-vault monster count
 E = Vault monster count
 F = Vault count percentage of total count
                 A         B        C        D         E       F
            +---------+---------+-------+---------+---------+-------
      Total |      76 |     231 |  75.2 |      41 |       1 |   2.4
            +---------+---------+-------+---------+---------+-------
        D:1 |      19 |       0 |   0.0 |      11 |       0 |   0.0
        D:2 |      22 |       0 |   0.0 |      13 |       0 |   0.0
        D:3 |      34 |     231 |  87.2 |      16 |       1 |   5.9
        D:4 |       1 |       0 |   0.0 |       1 |       0 |   0.0
            +---------+---------+-------+---------+---------+-------
